 Dungeon Crawl Stone Soup version 0.30.1-11-g7821555f0a (webtiles) character file.

Game seed: 6252132063983460384

10699 monsoonserge the Skirmisher (level 11, -17/62 HPs)
             Began as a Spriggan Hunter on Oct 31, 2023.
             Was an Initiate of Okawaru.
             Killed from afar by Lodul (31 damage)
             ... with a bolt of lightning
             ... on level 10 of the Dungeon.
             The game lasted 00:32:39 (11501 turns).

monsoonserge the Skirmisher (Spriggan Hunter)      Turns: 11501, Time: 00:32:40

Health: -17/62     AC:  5    Str:  7    XL:     11   Next: 39%
Magic:  21/21      EV: 21    Int: 10    God:    Okawaru [......]
Gold:   1459       SH:  0    Dex: 24    Spells: 10/10 levels left

rFire   . . .        m - +2 sling (freeze)
rCold   . . .        (no shield)
rNeg    . . .        I - +0 steam dragon scales
rPois   .            (helmet restricted)
rElec   .            (no cloak)
rCorr   .            (gloves unavailable)
SInv    +            (boots unavailable)
Will    +....        (no amulet)
Stlth   +++          o - ring of magical power
HPRegen 0.30/turn    q - ring of flight
MPRegen 0.17/turn

%: no passive effects
@: flying, studying Polearms, very quick
A: very small, no large weapons, unfitting armour, see invisible, speed 3
a: Renounce Religion


You were on level 10 of the Dungeon.
You worshipped Okawaru.
Okawaru was noncommittal.
You visited 2 branches of the dungeon, and saw 11 of its levels.
You also visited: Ossuary.

You collected 1459 gold pieces.

Inventory:

Hand Weapons
 a - a +0 shortbow
 m - a +2 sling of freezing (weapon)
Missiles
 g - 52 poisoned darts
 D - 8 curare-tipped darts
 J - 2 atropa-tipped darts
Armour
 f - +2 pearl dragon scales
 I - +0 steam dragon scales (worn)
Jewellery
 o - a ring of magical power (left hand)
 q - a ring of flight (right hand)
 H - a ring of magical power
Wands
 c - a wand of iceblast (5)
 B - a wand of polymorph (17)
 K - a wand of flame (28)
Scrolls
 b - 2 scrolls of immolation
 d - 2 scrolls of fog
 i - 3 scrolls of enchant armour
 j - a scroll of fear {unknown}
 k - 2 scrolls of teleportation {unknown}
 n - 2 scrolls of magic mapping
 r - a scroll of torment {unknown}
 v - 2 scrolls of silence {unknown}
 x - 3 scrolls of amnesia {unknown}
 y - 6 scrolls of blinking
 A - 4 scrolls of vulnerability
Potions
 e - 2 potions of flight
 h - a potion of invisibility
 l - 2 potions of might
 p - 3 potions of lignification
 s - 5 potions of heal wounds {unknown}
 t - a potion of magic {unknown}
 u - 2 potions of haste
 w - 2 potions of curing
 z - a potion of attraction
 C - a potion of ambrosia
 E - 2 potions of brilliance
Miscellaneous
 F - a condenser vane
 G - a box of beasts
 L - a phantom mirror


   Skills:
 + Level 9.1 Fighting
 - Level 14.0 Ranged Weapons
 + Level 5.0 Dodging
 + Level 4.6 Stealth
 * Level 1.1 Invocations
 * Level 4.8 Evocations


You had 10 spell levels left.
You didn't know any spells.
Your spell library contained the following spells:

 Spells                   Type           Power      Damage    Failure   Level
 Gell's Gravitas          Tloc           0%         N/A       75%         3
 Ignite Poison            Fire/Tmut/Pois 0%         N/A       75%         3
 Teleport Other           Tloc           0%         N/A       75%         3
 Sticky Flame             Conj/Fire      0%         2d3       98%         4
 Dispersal                Tloc           0%         N/A       100%        6
 Ignition                 Fire           0%         3d3       100%        8


Dungeon Overview and Level Annotations

Branches:
Dungeon (10/15)            Temple (1/1) D:6            Lair (0/5) D:8
Ossuary (visited)
    Orc: D:9-12

Altars:
Ashenzari
Cheibriados
Dithmenos
Elyvilon
Fedhas
Gozag
Hepliaklqana
Kikubaaqudgha
Makhleb
Nemelex Xobeh
Okawaru
Qazlal
Ru
Sif Muna
Trog
Uskayaw
Vehumet
Wu Jian
Xom
Yredelemnul
Zin
The Shining One

Annotations:
D:10 1 transporter, Lodul; monsoonserge's ghost, journeyman MfMo


Innate Abilities, Weirdness & Mutations

You are very small and have problems with some larger weapons.
You are too small for most types of armour.
You have supernaturally acute eyesight. (SInv)
You cover ground extremely quickly. (Speed+++)


Message History

You shoot a sling bullet. The sling bullet hits the ogre!
The sling bullet freezes the ogre.
You kill the ogre!
Okawaru accepts your kill.
Lodul zaps a wand.
You easily resist.
Lodul zaps a wand.
You easily resist.
You shoot a sling bullet. The sling bullet hits Lodul!
The sling bullet freezes Lodul.
Lodul is heavily wounded.
Electricity crackles from Lodul's apparatus.
The bolt of lightning hits you!!
You shoot a sling bullet. The sling bullet closely misses Lodul.
You shoot a sling bullet. The sling bullet barely misses Lodul.
Lodul zaps a wand.
You easily resist.
You shoot a sling bullet. The sling bullet closely misses Lodul.
Electricity crackles from Lodul's apparatus.
The bolt of lightning misses you.
You shoot a sling bullet. The sling bullet barely misses Lodul.
You shoot a sling bullet.
The sling bullet hits Lodul but does no damage.
Lodul is heavily wounded.
You shoot a sling bullet. The sling bullet hits Lodul.
The sling bullet freezes Lodul.
Lodul is severely wounded.
Electricity crackles from Lodul's apparatus.
The bolt of lightning misses you.
You shoot a sling bullet. The sling bullet hits Lodul.
The sling bullet freezes Lodul.
Lodul is severely wounded.
You shoot a sling bullet. The sling bullet hits Lodul.
The sling bullet freezes Lodul.
Lodul is severely wounded.
Electricity crackles from Lodul's apparatus.
The bolt of lightning hits you!!
* * * LOW HITPOINT WARNING * * *
An ogre comes into view. It is wielding a +0 giant spiked club.
Electricity crackles from Lodul's apparatus.
The bolt of lightning hits you!!
Ouch! That really hurt!
You die...

#...####
######...#####..
................
######...###.... .###
#...# ## .....###...#
....# ##.....####
##..... #.......###
.......
#.[#####.@.####.....#..
..##...##....##.....#..
. #.###.##....#.......
#~.~....##...#.....#
#8~~...~o8##........#
.~#. #..#D.##.......#
.##.##.z.y##O..####
...##.o#l#.O...#
..#.$#x#©..#...#


You could see Lodul and an ogre (wandering).

Vanquished Creatures
  2 two-headed ogres
  3 death yaks (D:8)
  A manticore (D:7)
  2 cyclopes (D:7)
  Psyche (D:8)
  A troll (D:7)
  A hornet (D:9)
  Grinder (D:6)
  Sigmund (D:6)
  A wraith (D:9)
  A wyvern (D:8)
  3 yaks
  2 steam dragons
  Menkaure (D:7)
  3 ice beasts
  A black bear (D:5)
  3 orc warriors
  2 sky beasts (D:7)
  2 ogres (D:10)
  A centaur (D:6)
  4 kobold brigands
  2 bullfrogs (D:8)
  4 scorpions
  3 gnoll sergeants (D:6)
  10 wights
  11 killer bees
  7 howler monkeys
  11 hounds
  10 orc priests
  2 gnoll boudas
  2 sleepcaps
  5 iguanas
  5 orc wizards
  3 hell rats (D:8)
  A mummy (Ossuary)
  9 gnolls
  2 adders
  A river rat (D:8)
  2 white imps
  3 ufetubi
  4 worms
  33 orcs
  6 bats
  12 endoplasms
  5 giant cockroaches
  12 gnoll zombies (Ossuary)
  8 goblins
  11 hobgoblins
  8 jackals
  5 quokkas
  7 ball pythons
  A bat simulacrum (Ossuary)
  10 frilled lizards (D:1)
  5 goblin simulacra (Ossuary)
  3 goblin zombies (Ossuary)
  8 hobgoblin zombies (Ossuary)
  32 kobolds
  2 kobold simulacra (Ossuary)
  3 kobold zombies (Ossuary)
  4 orc zombies (Ossuary)
  7 rats
  2 rat simulacra (Ossuary)
  3 spectral goblins (Ossuary)
  3 spectral kobolds (Ossuary)
  A spectral orc (D:4)
  A spectral rat (Ossuary)
326 creatures vanquished.

Vanquished Creatures (others)
  An adder (D:3)
1 creature vanquished.

Grand Total: 327 creatures vanquished

Notes
Turn   | Place    | Note
-------+----------+-------------------------------------------
     0 | D:1      | monsoonserge the Spriggan Hunter began the quest for the
                  | Orb.
     0 | D:1      | Reached XP level 1. HP: 10/10 MP: 2/2
    67 | D:1      | Reached XP level 2. HP: 14/14 MP: 3/3
   350 | D:1      | Reached XP level 3. HP: 18/18 MP: 4/4
   377 | D:1      | Reached skill level 5 in Ranged Weapons
  1850 | D:3      | Found a shadowy altar of Dithmenos.
  1855 | D:3      | Reached XP level 4. HP: 23/23 MP: 5/5
  1899 | D:3      | You fall into a shaft and drop 1 floor!
  2533 | D:3      | Found a shimmering altar of Xom.
  3067 | D:4      | Noticed a scorpion
  3148 | D:4      | Found a bloodstained altar of Trog.
  3346 | D:4      | Reached skill level 6 in Ranged Weapons
  3346 | D:4      | Reached XP level 5. HP: 26/26 MP: 6/6
  3578 | D:4      | Found a basalt altar of Yredelemnul.
  3799 | D:5      | Entered Level 5 of the Dungeon
  3806 | D:5      | Noticed an ice beast
  3884 | D:4      | Killed an ice beast
  3885 | D:4      | Reached skill level 7 in Ranged Weapons
  3885 | D:4      | Reached XP level 6. HP: 32/32 MP: 7/7
  4013 | D:5      | Found a sand-covered staircase.
  4031 | Ossuary  | Entered an ossuary
  4572 | D:5      | Reached XP level 7. HP: 34/35 MP: 8/8
  4628 | D:5      | Reached skill level 8 in Ranged Weapons
  4807 | D:5      | Found a glowing silver altar of Zin.
  5009 | D:5      | Found an ancient bone altar of Kikubaaqudgha.
  5082 | D:5      | Found a burning altar of Makhleb.
  5231 | D:6      | Found a blossoming altar of Fedhas.
  5231 | D:6      | Found a glowing golden altar of the Shining One.
  5231 | D:6      | Found an ornate altar of the Wu Jian Council.
  5231 | D:6      | Found a shimmering blue altar of Sif Muna.
  5259 | D:6      | Found a radiant altar of Vehumet.
  5283 | D:6      | Identified the +0 pair of gloves "Mowo" {Rampage rElec
                  | rPois Dex-5}
  5547 | D:6      | Noticed Grinder
  5601 | D:6      | Killed Grinder
  5602 | D:6      | Reached skill level 9 in Ranged Weapons
  5602 | D:6      | Reached XP level 8. HP: 40/40 MP: 9/9
  5656 | D:6      | Found a staircase to the Ecumenical Temple.
  5772 | Temple   | Entered the Ecumenical Temple
  6068 | D:6      | Noticed Sigmund
  6073 | D:6      | Killed Sigmund
  6074 | D:6      | Reached skill level 10 in Ranged Weapons
  6209 | D:6      | Reached skill level 1 in Evocations
  7294 | D:6      | Reached XP level 9. HP: 46/46 MP: 10/10
  7406 | D:6      | Reached skill level 11 in Ranged Weapons
  7585 | D:7      | Identified a scroll of acquirement
  7586 | D:7      | Acquired 681 gold pieces
  7613 | D:7      | Noticed a two-headed ogre
  7617 | D:7      | Noticed a troll
  7618 | D:7      | Noticed a cyclops
  7654 | D:6      | Killed a two-headed ogre
  7655 | D:6      | Reached skill level 5 in Fighting
  7870 | D:7      | Noticed a manticore
  7895 | D:7      | Identified the +0 ring mail of the Farrier {*Slow +Blink
                  | Dex+8}
  8043 | D:7      | Killed a cyclops
  8044 | D:7      | Reached skill level 12 in Ranged Weapons
  8288 | D:7      | Noticed a cyclops
  8355 | D:7      | Killed a cyclops
  8356 | D:7      | Reached XP level 10. HP: 53/53 MP: 11/11
  8599 | D:7      | Found a snail-covered altar of Cheibriados.
  8612 | D:7      | Killed a manticore
  8613 | D:7      | Reached skill level 13 in Ranged Weapons
  8868 | D:7      | Noticed Menkaure
  8874 | D:7      | Killed Menkaure
  9292 | D:8      | Noticed a two-headed ogre
  9309 | D:8      | Killed a two-headed ogre
  9496 | D:8      | Reached skill level 14 in Ranged Weapons
  9659 | D:8      | Noticed a death yak
  9727 | D:8      | Killed a death yak
  9732 | D:8      | Noticed a death yak
  9733 | D:8      | Noticed a death yak
  9801 | D:8      | Killed a death yak
  9802 | D:8      | Reached XP level 11. HP: 59/59 MP: 12/12
  9844 | D:8      | Killed a death yak
  9920 | D:8      | Noticed Psyche
  9937 | D:8      | Killed Psyche
 10008 | D:8      | Found a sparkling altar of Nemelex Xobeh.
 10092 | D:8      | Found a staircase to the Lair.
 10393 | D:9      | Reached skill level 5 in Dodging
 10453 | D:9      | Found a broken altar of Ashenzari.
 10985 | D:9      | Found an iron altar of Okawaru.
 10994 | D:9      | Became a worshipper of Warmaster Okawaru
 11208 | D:10     | Entered Level 10 of the Dungeon
 11436 | D:9      | Reached skill level 1 in Invocations
 11447 | D:10     | Noticed monsoonserge's ghost (journeyman MfMo)
 11449 | D:10     | Found a transporter.
 11453 | D:10     | Noticed a skeletal warrior
 11455 | D:10     | Noticed a deep elf pyromancer
 11464 | D:10     | Noticed Lodul
 11501 | D:10     | Killed from afar by Lodul

Illustrated notes

Levels and vault maps discovered:
D:1:      ncdulo_lavacross, layout_rooms, minmay_lizard_pond
D:2:      layout_basic
D:3:      layout_basic, xom_confusion_cloud, nicolae_dithmenos_shadow_blocks
D:4:      layout_loops_ring, mainiacjoe_overflow_24_doors,
          yredelemnul_forgotten_temple_becter
D:5:      layout_loops_cross, kennysheep_mini_moat,
          mainiacjoe_overflow_surrounded_room, bloody_makhleb,
          lightli_ossuary_entry_decrepit_ruins
D:6:      kennysheep_housing_project, layout_gridville,
          mainiacjoe_overflow_boulevard,
          chequers_temple_overflow_statue_of_worship, temple_doors_ab,
          uniq_sigmund, uniq_grinder
D:7:      minmay_the_grid_square_5x5_3x3 [minmay_the_grid_square_5x5_shrine1,
          minmay_the_grid_square_5x5_dogpile, minmay_the_grid_square_5x5_v,
          minmay_the_grid_square_5x5_half_checkered,
          minmay_the_grid_square_5x5_megaprize_checkered,
          minmay_the_grid_square_5x5_shrine2,
          minmay_the_grid_square_5x5_checkered_statues,
          minmay_the_grid_square_5x5_tie, minmay_the_grid_square_5x5_six_small],
          layout_basic, mainiacjoe_overflow_tiny_flanked, uniq_menkaure
D:8:      layout_basic, nemelex_diamond_rough_becter, dpeg_lair_monsters,
          roderic_roman_lattice, uniq_psyche
D:9:      layout_long_grid, okawaru_metal_pillars_1_2,
          nicolae_ashenzari_panopticon
D:10:     layout_basic, nzn_ghost_randoct, uniq_joseph, uniq_lodul, uniq_sonja
Temple:   nicolae_temple_superstar

Skill      XL: |  1  2  3  4  5  6  7  8  9 10 11 |
---------------+----------------------------------+-----
Ranged Weapons | 5 6 7 9 10 12 14 | 14.0
Fighting       | 2 3 4 5 7 9 |  9.1
Dodging        | 3 4 5 |  5.0
Stealth        | 2 3 4 |  4.6
Evocations     | 2 3 4 |  4.8
Invocations    | 1 |  1.1

Action                     |  1- 3 |  4- 6 |  7- 9 | 10-12 || total
---------------------------+-------+-------+-------+-------++-------
   Fire: Shortbow          |   133 |   291 |   361 |       ||   785
         Sling             |       |       |    73 |   482 ||   555
    Use: Scroll            |       |       |    17 |     1 ||    18
         Potion            |       |       |     1 |       ||     1
 Armour: Robe              |     1 |     9 |     5 |       ||    15
         Steam dragon scal |       |       |       |    11 ||    11
  Dodge: Dodged            |    36 |    91 |   121 |    69 ||   317
